AoeStats
← jphilkill

Arena

507929700Analyzed
4v4 RM · 12d ago on Sep 20, 2026· 42m 3s· 8 players
Game mode
Random Map
Map size
Large (8 player)
Population
200
Speed
Normal
Resources
Standard
Victory
Conquest
Starting age
Dark Age
Ending age
Imperial Age
RankedLock teamsTeams togetherTeam positionsShared explorationLock speedFull tech treeHidden civsTurbo modeCheats
Victory
Defeat
🇩🇪 Celts · Germany
806
+15
🇨🇳 Vikings · China
762
+16
🇪🇸 Ethiopians · Spain
755
+17
🇷🇺 Japanese · Russia
679
+19
🇨🇴 Sicilians · Colombia
832
-19
🇨🇳 Italians · China
829
-19
🇭🇰 Burgundians · Hong Kong SAR China
753
-16
🇨🇳 Aztecs · China
665
-13
Selu
4:16 Loom
12:09 Feudal Age
13:20 Horse Collar
13:29 Double-Bit Axe
18:18 Castle Age
18:40 Fletching
20:48 Bow Saw
20:29 Crossbowman
21:51 Padded Archer Armor
23:03 Heavy Plow
23:27 Leather Archer Armor
25:58 Thumb Ring
25:50 Bodkin Arrow
29:04 Wheelbarrow
33:03 Imperial Age
31:34 Squires
32:39 Ballistics
32:15 Murder Holes
34:50 Bracer
35:02 Forging
35:14 Hand Cart
36:53 Arbalester
38:59 Scale Mail Armor
40:43 Ring Archer Armor
40:49 Iron Casting
42:24 Chemistry
41:41 Chain Mail Armor
Noobburner
2:50 Loom
16:03 Feudal Age
19:54 Castle Age
18:33 Fletching
18:55 Forging
18:45 Scale Mail Armor
19:26 Horse Collar
19:41 Double-Bit Axe
20:58 Bodkin Arrow
26:36 Wheelbarrow
26:42 Gold Mining
26:44 Stone Mining
28:31 Gold Shaft Mining
28:25 Hand Cart
34:49 Bow Saw
35:25 Yasama
39:31 Imperial Age
37:57 Iron Casting
37:23 Scale Mail Armor
38:49 Ballistics
38:11 Treadmill Crane
38:41 Masonry
41:34 Conscription
小菜机
10:25 Feudal Age
15:27 Castle Age
13:51 Double-Bit Axe
22:00 Fletching
22:11 Padded Archer Armor
22:18 Crossbowman
25:21 Bodkin Arrow
27:38 Gold Mining
27:46 Stone Mining
31:55 Imperial Age
29:49 Ballistics
31:14 Leather Archer Armor
32:31 Caravan
32:15 Arbalester
35:38 Bogsveigar
36:53 Elite Berserk
37:36 Chieftains
40:58 Bracer
41:29 Ring Archer Armor
41:10 Forging
41:00 Scale Mail Armor
42:39 Gold Shaft Mining
jphilkill
1:00 Loom
11:56 Feudal Age
17:24 Castle Age
16:15 Double-Bit Axe
16:21 Gold Mining
16:44 Stone Mining
20:27 Horse Collar
28:31 Wheelbarrow
31:04 Pikeman
34:09 Heavy Plow
35:12 Bow Saw
35:45 Scale Mail Armor
37:03 Hand Cart
39:51 Forging
39:57 Chain Mail Armor
41:15 Gold Shaft Mining
FC_Satuplese
5:37 Loom
11:49 Feudal Age
17:57 Castle Age
16:45 Double-Bit Axe
18:26 Scale Barding Armor
18:05 Horse Collar
22:17 Wheelbarrow
21:30 Town Watch
23:09 Stone Mining
25:47 Hand Cart
29:19 Masonry
30:17 Heavy Plow
31:22 Husbandry
31:15 Gold Mining
33:19 Bloodlines
33:35 Chain Barding Armor
35:12 Gold Shaft Mining
34:49 Fletching
35:10 Forging
36:42 Elite Skirmisher
38:13 First Crusade
38:51 Bodkin Arrow
38:56 Padded Archer Armor
An
12:25 Feudal Age
16:19 Castle Age
14:07 Double-Bit Axe
16:10 Stone Mining
18:28 Gold Mining
23:06 Bow Saw
29:56 Imperial Age
33:22 Elite Genoese Crossbowman
35:57 Wheelbarrow
37:37 Chemistry
36:58 Ballistics
38:15 Elite Skirmisher
加加十四
11:44 Feudal Age
16:16 Castle Age
15:03 Double-Bit Axe
15:31 Horse Collar
18:55 Wheelbarrow
20:34 Bow Saw
22:42 Eagle Warrior
32:49 Gold Mining
32:50 Stone Mining
33:48 Gold Mining
35:56 Forging
35:48 Scale Mail Armor
38:58 Gold Shaft Mining
success0111
0:43 Loom
10:49 Wheelbarrow
11:50 Feudal Age
10:26 Double-Bit Axe
10:29 Horse Collar
12:20 Wheelbarrow
12:59 Bow Saw
13:59 Heavy Plow
15:49 Hand Cart
22:19 Castle Age
20:23 Gold Mining
20:23 Stone Mining
22:08 Gold Shaft Mining
22:10 Stone Shaft Mining
22:52 Town Watch
23:55 Crop Rotation
24:26 Two-Man Saw
23:36 Town Patrol
25:50 Husbandry
25:12 Cavalier
27:26 Forging
27:16 Scale Mail Armor
31:33 Imperial Age
32:00 Chain Mail Armor
32:20 Iron Casting
32:03 Paladin
32:32 Treadmill Crane
35:46 Conscription
37:29 Burgundian Vineyards
37:44 Fortified Wall
39:06 Plate Mail Armor
39:36 Blast Furnace
40:54 Blast Furnace
Connection lost

Rejoining the realm…

Still unreachable

The connection could not be restored.

Session expired

The server has moved on; the page needs a fresh start.